 Dungeon Crawl Stone Soup version 0.22.0-75-g3901e7991e (webtiles) character file.

127600 Peloso the Peltast (level 16, -15/149 HPs)
             Began as a Minotaur Fighter on Sept 15, 2018.
             Was the Champion of Okawaru.
             Demolished by a wolf spider (17 damage)
             ... on level 4 of the Spider Nest.
             The game lasted 01:38:31 (32718 turns).

Peloso the Peltast (Minotaur Fighter)              Turns: 32718, Time: 01:38:33

Health: -15/149    AC: 22    Str: 32    XL:     16   Next: 46%
Magic:  15/15      EV: 11    Int:  9    God:    Okawaru [******]
Gold:   1706       SH:  0    Dex: 13    Spells: 15/15 levels left

rFire    + + .     SeeInvis .   a - +8 double sword (elec)
rCold    + + +     Gourm    .   c - +0 shield
rNeg     . . .     Faith    .   p - +1 plate armour
rPois    +         Spirit   .   O - +0 hat {MR+}
rElec    .         Reflect  +   K - scarf {rC+ rF+}
rCorr    .         Harm     .   E - +2 pair of gloves {Str+3}
MR       ++...                  (no boots)
Stlth    ..........             i - +4 amulet of reflection
HPRegen  0.34/turn              G - ring of poison resistance
MPRegen  0.14/turn              Z - ring "Jieti" {rF+ rC++ Str+4 Int+4}

@: confused
A: retaliatory headbutt, horns 2
a: Heroism, Finesse, Renounce Religion


You were on level 4 of the Spider Nest.
You worshipped Okawaru.
Okawaru was exalted by your worship.
You were not hungry.

You visited 5 branches of the dungeon, and saw 28 of its levels.
You also visited: Labyrinth and Ossuary.

You collected 2393 gold pieces.
You spent 687 gold pieces at shops.

Inventory:

Hand Weapons
 a - a +8 double sword of electrocution (weapon)
 d - a +5 scimitar of flaming
Armour
 c - a +0 shield (worn)
 p - a +1 plate armour (worn)
 E - a +2 pair of gloves of strength (worn)
 K - a scarf of resistance (worn)
 O - a +0 hat of magic resistance (worn)
Jewellery
 i - a +4 amulet of reflection (around neck)
 o - an uncursed ring of protection from magic
 u - an uncursed ring of flight
 G - a ring of poison resistance (left hand)
 Y - a +5 ring of dexterity
 Z - the ring "Jieti" (right hand) {rF+ rC++ Str+4 Int+4}
   (You found it in a labyrinth)

   [ring of strength]

   It affects your strength (+4).
   It affects your intelligence (+4).
   It protects you from fire.
   It greatly protects you from cold.
Wands
 b - a wand of flame (47)
 y - a wand of acid (8)
 H - a wand of digging (18)
Scrolls
 e - 13 scrolls of teleportation
 g - 5 scrolls of magic mapping
 k - a scroll of fear
 n - a scroll of noise
 q - 5 scrolls of remove curse
 t - a scroll of holy word
 v - 3 scrolls of blinking
 x - 4 scrolls of fog
 B - a scroll of summoning
 C - a scroll of acquirement
 T - a scroll of identify
Potions
 h - 12 potions of might
 l - 2 potions of heal wounds
 m - a potion of brilliance
 r - 3 potions of invisibility
 s - 4 potions of agility
 w - a potion of resistance
 z - 3 potions of haste
Comestibles
 f - 38 rations
 j - 2 chunks of flesh


   Skills:
 + Level 15.1 Fighting
 + Level 17.9 Long Blades
 + Level 16.1 Armour
 + Level 4.3 Dodging
 + Level 1.6 Stealth
 + Level 19.1 Shields
 + Level 1.1 Invocations
 + Level 0.4 Evocations


You had 15 spell levels left.
You didn't know any spells.
Your spell library contained the following spells:

 Spells                   Type           Power        Failure   Level  Hunger
 Animate Skeleton         Necr           N/A          88%         1    ##.....
 Corona                   Hex            #......      88%         1    ##.....
 Pain                     Necr           #...         88%         1    ##.....
 Sandblast                Erth           #.....       88%         1    ##.....
 Ensorcelled Hibernation  Hex/Ice        #.....       96%         2    ###....
 Passwall                 Tmut/Erth      #.......     96%         2    ###....
 Poisonous Vapours        Pois/Air       #.....       96%         2    ###....
 Slow                     Hex            #.......     96%         2    ###....
 Song of Slaying          Chrm           #.......     96%         2    ###....
 Swiftness                Chrm/Air       #.......     96%         2    ###....
 Confuse                  Hex            #.......     99%         3    ####...
 Conjure Flame            Conj/Fire      #.......     99%         3    ####...
 Dazzling Spray           Conj/Hex       #.....       99%         3    ####...
 Gell's Gravitas          Tloc           #.........   99%         3    ####...
 Inner Flame              Hex/Fire       #.......     99%         3    ####...
 Mephitic Cloud           Conj/Pois/Air  #.......     99%         3    ####...
 Portal Projectile        Hex/Tloc       #.....       99%         3    ####...
 Regeneration             Chrm/Necr      #.........   99%         3    ####...
 Stone Arrow              Conj/Erth      #.....       99%         3    ####...
 Tukima's Dance           Hex            #.......     99%         3    ####...
 Vampiric Draining        Necr           #.........   99%         3    ####...
 Animate Dead             Necr           N/A          100%        4    #####..
 Cause Fear               Hex            #.........   100%        4    #####..
 Force Lance              Conj/Tloc      #.......     100%        4    #####..
 Leda's Liquefaction      Hex/Erth       #.........   100%        4    #####..
 Petrify                  Tmut/Erth      #.......     100%        4    #####..
 Bolt of Magma            Conj/Fire/Erth #.........   100%        5    ######.
 Iskenderun's Battlesphe  Conj/Chrm      #.......     100%        5    ######.
 Lee's Rapid Deconstruct  Erth           #.........   100%        5    ######.
 Venom Bolt               Conj/Pois      #.........   100%        5    ######.
 Yara's Violent Unravell  Hex/Tmut       #.........   100%        5    ######.
 Dispersal                Tloc           #.........   100%        6    #######
 Freezing Cloud           Conj/Ice/Air   #.........   100%        6    #######
 Iron Shot                Conj/Erth      #.........   100%        6    #######
 Statue Form              Tmut/Erth      #........    100%        6    #######
 Orb of Destruction       Conj           #.........   100%        7    #######
 Ring of Flames           Chrm/Fire      #.........   100%        7    #######
 Spellforged Servitor     Conj/Summ      #.........   100%        7    #######
 Controlled Blink         Tloc           N/A          100%        8    #######
 Disjunction              Tloc           #.........   100%        8    #######
 Shatter                  Erth           #.........   100%        9    #######


Dungeon Overview and Level Annotations

Branches:
Dungeon (15/15)            Temple (1/1) D:6            Lair (6/6) D:8
 Shoals (0/4) Lair:2       Spider (4/4) Lair:2        Slime (0/5) Lair:6
    Orc (2/2) D:12            Elf (0/3) Orc:2        Vaults (0/5) D:14
 Depths (0/5) D:15

Altars:
Ashenzari
Cheibriados
Dithmenos
Elyvilon
Fedhas
Gozag
Hepliaklqana
Kikubaaqudgha
Makhleb
Nemelex Xobeh
Okawaru
Qazlal
Ru
Sif Muna
Trog
Uskayaw
Vehumet
Wu Jian
Xom
Zin
The Shining One
Beogh

Shops:
Orc:2 :[?!(*?

Annotations:
D:14 exclusion: obsidian statue
Lair:5 1 exclusion


Innate Abilities, Weirdness & Mutations

You reflexively headbutt those who attack you in melee.
You have a pair of horns on your head.


Message History

The tarantella is heavily wounded.
You block the tarantella's attack. You block the wolf spider's attack.
The wolf spider bites you.
* * * LOW HITPOINT WARNING * * *
The tarantella bites you!!
* * * LOW HITPOINT WARNING * * *
You are confused.
The moth of wrath barely misses you. The tarantella bites you.
* * * LOW HITPOINT WARNING * * *
You are more confused.
The wolf spider hits you but does no damage.
The wolf spider barely misses you.
Unknown command.
You feel better. The tarantella bites you!
* * * LOW HITPOINT WARNING * * *
You are confused.
The tarantella bites you!
* * * LOW HITPOINT WARNING * * *
The wolf spider hits you!
You die...

#........#
#[.......##
##....s....#
#^....ยง..#####
##............##
#.....s...^...^#
##...s........##
##...ys#^......#
#.^..s@#.......#
#....s.#...##.##
#......#...####
#...#..######
########


You could see a wolf spider (berserk), a moth of wrath, an orb spider, 2 jumping
spiders and 2 tarantellas.

Vanquished Creatures
  Arachne (Spider:3)
  Kirke (Lair:5)
  Gastronok (Lair:2)
  Roxanne (Spider:1)
  An orc warlord (Orc:2)
  A ghost moth (Spider:1)
  A fire giant (D:15)
  3 emperor scorpions
  The ghost of Weudyfeo the Peltast, a journeyman GrFi of Okawaru (Orc:1)
  2 entropy weavers (Spider:3)
  A minotaur (Lab)
  2 spark wasps
  A rakshasa (D:15)
  A fire dragon (Lair:6)
  Erolcha (D:9)
  3 hydras
  A catoblepas (D:15)
  4 vault guards (D:14)
  7 centaur warriors
  4 two-headed ogres
  A tengu warrior (D:14)
  Erica (Lair:2)
  3 orc high priests
  3 skeletal warriors (D:13)
  A phantasmal warrior (D:13)
  A lindwurm (Lair:6)
  8 orc knights
  5 orb spiders
  An oklob plant (Lair:6)
  20 wolf spiders
  A deep elf mage (D:15)
  2 cyclopes
  5 orc sorcerers
  A moth of wrath (Spider:3)
  10 ugly things
  3 manticores
  10 black mambas
  2 molten gargoyles (Lair:6)
  2 torpor snails
  A gargoyle (D:10)
  4 centaur zombies
  6 spiny frogs
  A kobold demonologist (D:13)
  An efreet (D:13)
  13 komodo dragons
  A rime drake (Lair:6)
  7 demonic crawlers
  A yaktaur (D:15)
  2 tengu conjurers (D:15)
  23 jumping spiders
  A freezing wraith (D:14)
  A polar bear (Lair:2)
  7 hornets
  5 trolls
  3 meliai (Spider:1)
  A queen bee (Spider:1)
  A raiju (shapeshifter) (D:13)
  9 blink frogs
  6 hippogriffs
  3 slime creatures (D:15)
  2 vampires
  A wraith (D:12)
  Sigmund (D:3)
  5 wyverns
  3 shadows
  A yak (shapeshifter) (D:15)
  11 yaks
  64 redbacks
  27 tarantellas
  2 hogs (Lair:5)
  A vampire mosquito (D:14)
  7 basilisks
  3 hungry ghosts
  2 steam dragons (Lair:6)
  4 wargs
  An acid dragon (D:14)
  8 water moccasins
  4 hell hounds (Lair:6)
  A soldier ant (D:11)
  8 porcupines
  4 black bears
  4 sky beasts
  5 ice beasts
  31 orc warriors
  2 phantoms (D:11)
  An eye of draining (D:15)
  2 necrophages
  14 ogres
  16 centaurs
  5 wolves
  A crocodile (shapeshifter) (D:14)
  A big kobold (D:8)
  26 crocodiles
  A gnoll sergeant (Orc:2)
  A wyvern zombie (D:11)
  16 bullfrogs
  2 wyvern skeletons (D:13)
  7 scorpions
  12 wights
  20 killer bees
  A howler monkey (D:4)
  4 electric eels
  5 crimson imps
  2 bullfrog zombies
  6 jellies
  5 lava snakes (Lair:6)
  A quasit (D:13)
  A gnoll shaman (D:6)
  22 orc priests
  5 centaur skeletons
  7 hounds
  32 orc wizards
  2 bullfrog skeletons (D:8)
  Terence (D:3)
  11 iguanas
  12 worker ants
  A killer bee zombie (D:8)
  A bullfrog simulacrum (D:13)
  2 hound skeletons
  3 mummies (Ossuary)
  20 gnolls
  13 adders
  4 shadow imps
  5 worms
  2 dart slugs
  2 leopard geckos
  83 orcs
  2 ball pythons
  5 giant cockroaches
  3 gnoll zombies (Ossuary)
  11 goblins
  9 hobgoblins
  2 jackals (D:4)
  10 kobolds
  2 quokkas
  6 bats
  6 frilled lizards
  4 gnoll skeletons (Ossuary)
  4 goblin skeletons (Ossuary)
  2 goblin zombies (Ossuary)
  2 hobgoblin skeletons (Ossuary)
  3 hobgoblin zombies (Ossuary)
  2 kobold skeletons (Ossuary)
  A kobold zombie (Ossuary)
  A leopard gecko skeleton (D:4)
  6 orc skeletons (Ossuary)
  4 orc zombies (Ossuary)
  6 rats
  2 rat skeletons (Ossuary)
  4 rat zombies (Ossuary)
  A fungus (Spider:1)
893 creatures vanquished.

Vanquished Creatures (others)
  A soul eater (D:14)
  A chaos spawn (D:14)
  Menkaure (Ossuary)
  3 shadow imps (D:14)
  A white imp (D:14)
  A gnoll skeleton (Ossuary)
  2 gnoll zombies (Ossuary)
  2 goblin skeletons (Ossuary)
  A goblin zombie (Ossuary)
  A hobgoblin zombie (Ossuary)
  A kobold skeleton (Ossuary)
  A kobold zombie (Ossuary)
  2 orc zombies (Ossuary)
  A rat skeleton (Ossuary)
  A rat zombie (Ossuary)
  11 fungi
  3 plants
34 creatures vanquished.

Grand Total: 927 creatures vanquished

Notes
Turn   | Place    | Note
-------+----------+-------------------------------------------
     0 | D:1      | Peloso the Minotaur Fighter began the quest for the Orb.
     0 | D:1      | Reached XP level 1. HP: 19/19 MP: 0/0
   177 | D:1      | Reached XP level 2. HP: 27/27 MP: 1/1
   215 | D:1      | Reached skill level 4 in Shields
   453 | D:2      | Reached XP level 3. HP: 31/33 MP: 2/2
   691 | D:2      | Reached XP level 4. HP: 29/40 MP: 3/3
   820 | D:2      | Found a stormy altar of Qazlal.
   824 | D:2      | Found a transporter.
   830 | D:2      | Found a transporter.
  1208 | D:3      | Noticed Sigmund
  1226 | D:3      | Killed Sigmund
  1226 | D:3      | Reached skill level 5 in Long Blades
  1226 | D:3      | Reached skill level 5 in Shields
  1226 | D:3      | Reached XP level 5. HP: 8/47 MP: 4/4
  1226 | D:3      | Reached XP level 6. HP: 9/53 MP: 5/5
  1501 | D:3      | Reached skill level 5 in Armour
  1594 | D:3      | Found a radiant altar of Vehumet.
  1594 | D:3      | Found a sparkling altar of Nemelex Xobeh.
  1595 | D:3      | Found an ornate altar of the Wu Jian Council.
  1663 | D:3      | Noticed Terence
  1672 | D:3      | Killed Terence
  1886 | D:3      | Reached skill level 1 in Dodging
  2464 | D:4      | Reached XP level 7. HP: 60/60 MP: 6/6
  2610 | D:4      | Found a sand-covered staircase.
  2614 | Ossuary  | Entered an ossuary
  2796 | Ossuary  | Killed Menkaure
  3409 | D:4      | Reached skill level 5 in Fighting
  3589 | D:5      | Entered Level 5 of the Dungeon
  3694 | D:5      | Reached skill level 6 in Shields
  4474 | D:6      | Reached XP level 8. HP: 69/69 MP: 7/7
  4688 | D:6      | Found a staircase to the Ecumenical Temple.
  4864 | D:6      | Found a snail-covered altar of Cheibriados.
  4979 | Temple   | Entered the Ecumenical Temple
  5056 | Temple   | Became a worshipper of Warmaster Okawaru
  5405 | D:7      | Reached skill level 7 in Shields
  5618 | D:7      | Reached XP level 9. HP: 59/77 MP: 8/8
  5847 | D:7      | Reached * piety under Okawaru
  6074 | D:8      | Reached skill level 8 in Shields
  6386 | D:8      | Got a crystal mace {freeze}
  6519 | D:7      | Reached skill level 10 in Long Blades
  6727 | D:8      | Found a staircase to the Lair.
  6749 | D:8      | Reached ** piety under Okawaru
  6764 | D:8      | Reached skill level 9 in Shields
  7174 | D:9      | Noticed Erolcha
  7189 | D:9      | Killed Erolcha
  7189 | D:9      | Reached XP level 10. HP: 40/86 MP: 9/9
  7755 | D:9      | Reached *** piety under Okawaru
  8168 | D:10     | Entered Level 10 of the Dungeon
  8189 | D:10     | Reached skill level 10 in Shields
  8193 | D:10     | Found a shimmering altar of Xom.
  8692 | D:10     | Noticed a gargoyle
  8706 | D:10     | Killed a gargoyle
  8833 | D:10     | Noticed a red ugly thing
  8847 | D:10     | Killed a red ugly thing
  9038 | D:10     | Reached **** piety under Okawaru
  9318 | D:11     | Noticed a cyan ugly thing
  9337 | D:11     | Killed a cyan ugly thing
  9337 | D:11     | Reached skill level 11 in Shields
  9459 | D:11     | Reached XP level 11. HP: 80/94 MP: 10/10
 10017 | D:11     | Reached ***** piety under Okawaru
 10053 | D:11     | Got a scorched flail
 10054 | D:11     | Identified the cursed +1 flail of Generosity {venom,
                  | *Corrode Int+6} (You found it on level 11 of the Dungeon)
 10095 | D:11     | Received a gift from Okawaru
 10418 | D:12     | Noticed a two-headed ogre
 10425 | D:12     | Killed a two-headed ogre
 10610 | D:12     | Got a fine great sword
 10763 | D:12     | Found a staircase to the Orcish Mines.
 10814 | D:12     | Reached skill level 12 in Shields
 10854 | D:12     | Found a roughly hewn altar of Beogh.
 11186 | Lair:1   | Entered Level 1 of the Lair of Beasts
 11203 | Lair:1   | Reached skill level 10 in Armour
 11525 | Lair:1   | Reached ****** piety under Okawaru
 11571 | Lair:1   | Received a gift from Okawaru
 11894 | Lair:2   | Noticed Erica
 11912 | Lair:2   | Killed Erica
 12015 | Lair:2   | Reached skill level 13 in Shields
 12223 | Lair:2   | Reached XP level 12. HP: 99/104 MP: 11/11
 12262 | Lair:2   | Found a staircase to the Shoals.
 12445 | Lair:2   | Found a hole to the Spider Nest.
 12779 | Lair:2   | Noticed Gastronok
 12800 | Lair:2   | Killed Gastronok
 13199 | Lair:3   | Received a gift from Okawaru
 13856 | Lair:3   | Reached skill level 10 in Fighting
 14398 | Lair:4   | Reached skill level 14 in Shields
 14995 | Lair:5   | Noticed an eight-headed hydra
 15002 | Lair:5   | Killed a four-headed hydra
 15015 | Lair:5   | Noticed Kirke
 15019 | Lair:5   | Noticed a seven-headed hydra
 15025 | Lair:5   | Reached skill level 1 in Stealth
 15036 | Lair:5   | Killed Kirke
 15036 | Lair:5   | Received a gift from Okawaru
 15036 | Lair:5   | Reached XP level 13. HP: 75/115 MP: 12/12
 15503 | Lair:5   | Reached skill level 15 in Long Blades
 15839 | Lair:6   | Entered Level 6 of the Lair of Beasts
 15839 | Lair:6   | Found a bloodstained altar of Trog.
 16130 | Lair:6   | Noticed a fire dragon
 16131 | Lair:6   | Found a large runed door.
 16598 | Lair:6   | Found a large runed door.
 16717 | Lair:6   | Found a shimmering altar of Xom.
 17106 | Lair:6   | Found a staircase to the Slime Pits.
 17668 | D:13     | Reached skill level 15 in Shields
 18090 | D:13     | Received a gift from Okawaru
 18849 | D:13     | Reached XP level 14. HP: 55/126 MP: 13/13
 19282 | D:13     | HP: 1/127 [phantasmal warrior (28)]
 20249 | D:14     | Found a gate to the Vaults.
 20274 | D:14     | Received a gift from Okawaru
 20290 | D:14     | Reached skill level 1 in Invocations
 20307 | D:14     | Got a warped scale mail {god gift}
 21016 | D:14     | Paralysed by a hornet for 2 turns
 21238 | D:15     | Entered Level 15 of the Dungeon
 21305 | D:15     | Reached skill level 16 in Shields
 21314 | D:15     | Found a labyrinth entrance.
 21329 | Lab      | Entered a labyrinth
 21590 | Lab      | Got a heavily runed marble ring
 21639 | Lab      | Identified the +0 scale mail of the Red Skies {rPois rF+
                  | rC+ Dex-3} (Okawaru gifted it to you on level 14 of the
                  | Dungeon)
 21656 | Lab      | Identified the ring "Jieti" {rF+ rC++ Str+4 Int+4} (You
                  | found it in a labyrinth)
 22943 | Lair:6   | Received a gift from Okawaru
 23333 | D:15     | Noticed a fire giant
 23348 | D:15     | Killed a fire giant
 23389 | D:15     | Found a staircase to the Depths.
 23823 | Orc:1    | Entered Level 1 of the Orcish Mines
 23823 | Orc:1    | Found a roughly hewn altar of Beogh.
 23834 | Orc:1    | Found a runed door.
 23835 | Orc:1    | Noticed Weudyfeo's ghost (journeyman GrFi)
 23869 | Orc:1    | Killed Weudyfeo's ghost
 23886 | Orc:1    | Got a translucent great mace
 23888 | Orc:1    | Identified the cursed +2 great mace of Cixat {flame, rElec
                  | rPois MR+ Int-4} (You found it on level 1 of the Orcish
                  | Mines)
 24029 | Orc:1    | Found Ferom's Armour Boutique.
 24053 | Orc:1    | Received a gift from Okawaru
 24659 | Orc:2    | Entered Level 2 of the Orcish Mines
 24679 | Orc:2    | Reached XP level 15. HP: 117/135 MP: 14/14
 24688 | Orc:2    | Found Jutsinte's Book Boutique.
 24749 | Orc:2    | Found a burning altar of Makhleb.
 24775 | Orc:2    | Reached skill level 17 in Shields
 24907 | Orc:2    | Found Esoenn's Distillery.
 24909 | Orc:2    | Found a staircase to the Elven Halls.
 24968 | Orc:2    | Bought a potion of heal wounds for 75 gold pieces
 24968 | Orc:2    | Bought a potion of haste for 150 gold pieces
 24968 | Orc:2    | Bought a potion of might for 60 gold pieces
 25082 | Orc:2    | Found Atzufogh's Antique Armour Boutique.
 25136 | Orc:2    | Found Fiom's Magic Scroll Boutique.
 25186 | Orc:2    | Found Dounkerr's Antique Weapon Emporium.
 25227 | Orc:2    | Found Xydin's Magic Scroll Emporium.
 25233 | Orc:2    | Found Zuaquapn's General Store.
 25249 | Orc:2    | Noticed an orc warlord
 25726 | Orc:2    | Killed an orc warlord
 25928 | Orc:2    | Bought a scroll of enchant weapon for 97 gold pieces
 25928 | Orc:2    | Bought a scroll of magic mapping for 45 gold pieces
 25928 | Orc:2    | Bought a scroll of brand weapon for 260 gold pieces
 26383 | Spider:1 | Entered Level 1 of the Spider Nest
 26799 | Spider:1 | Reached skill level 15 in Armour
 26881 | Spider:1 | Noticed Roxanne
 26898 | Spider:1 | Killed Roxanne
 27652 | Spider:1 | Received a gift from Okawaru
 27676 | Spider:1 | Got a shimmering scimitar {god gift}
 27684 | Spider:1 | Identified the +0 scimitar "Enwenuur" {slice, *Noise rPois
                  | rC- Int+8} (Okawaru gifted it to you on level 1 of the
                  | Spider Nest)
 28309 | Spider:1 | Identified the Handbook of Assistive Fascination
 28723 | Spider:1 | Reached skill level 18 in Shields
 29846 | Spider:2 | Received a gift from Okawaru
 29876 | Spider:1 | Killed a ghost moth
 30352 | Spider:2 | Reached XP level 16. HP: 147/147 MP: 15/15
 30395 | Spider:2 | Got a fine great sword {god gift}
 30396 | Spider:2 | Identified the +3 great sword "Ishaef" {venom, *Drain rPois
                  | rC+} (Okawaru gifted it to you on level 2 of the Spider
                  | Nest)
 30704 | Spider:2 | You fall through a shaft!
 31521 | Spider:3 | Noticed Arachne
 31544 | Spider:3 | Killed Arachne
 31544 | Spider:3 | Received a gift from Okawaru
 31564 | Spider:3 | HP: 7/147 [poisoned by Arachne]
 31571 | Spider:3 | HP: 6/147 [poisoned by Arachne]
 31578 | Spider:3 | HP: 7/147 [poisoned by Arachne]
 31586 | Spider:3 | HP: 7/147 [poisoned by Arachne]
 32131 | Spider:3 | Reached skill level 15 in Fighting
 32332 | Spider:3 | Reached skill level 19 in Shields
 32538 | Spider:4 | Entered Level 4 of the Spider Nest
 32619 | Spider:4 | Identified a scroll of acquirement
 32718 | Spider:4 | HP: 2/149 [tarantella (14)]
 32718 | Spider:4 | Demolished by a wolf spider

Skill      XL: |  1  2  3  4  5  6  7  8  9 10 11 12 13 14 15 16 |
---------------+-------------------------------------------------+-----
Shields        | 4 5 6 7 9 11 13 14 15 16 18 19 | 19.1
Fighting       | 4 5 6 7 8 9 10 12 13 14 15 | 15.1
Armour         | 4 5 7 8 9 10 12 13 14 15 16 | 16.1
Long Blades    | 3 5 6 7 9 11 12 13 14 15 16 17 | 17.9
Dodging        | 1 2 3 4 |  4.3
Stealth        | 1 |  1.6
Invocations    | 1 |  1.1
Evocations     | |  0.4

Action                   |  1- 3 |  4- 6 |  7- 9 | 10-12 | 13-15 | 16-18 || total
-------------------------+-------+-------+-------+-------+-------+-------++-------
Melee: Long sword        |    80 |   183 |   378 |   201 |       |       ||   842
       Headbutt          |    14 |    23 |   103 |   191 |   331 |    47 ||   709
       Falchion          |       |       |   120 |   384 |       |       ||   504
       Scimitar          |       |       |       |   233 |   574 |       ||   807
       Double sword      |       |       |       |       |   604 |   202 ||   806
Invok: Heroism           |       |       |       |     3 |     9 |       ||    12
Evoke: Wand              |       |       |       |       |     2 |       ||     2
  Use: Scroll            |       |     5 |     5 |    21 |    20 |     3 ||    54
       Potion            |       |     1 |       |       |    11 |     1 ||    13
 Stab: Distracted        |       |       |       |       |     2 |       ||     2
  Eat: Chunk             |       |     5 |    16 |    26 |    37 |     4 ||    88
       Ration            |       |       |       |       |     4 |     1 ||     5
Armor: Scale mail        |    49 |     5 |       |       |       |       ||    54
       Plate armour      |       |    94 |   269 |   305 |   579 |    92 ||  1339
Dodge: Dodged            |    19 |    23 |   105 |   155 |   361 |    83 ||   746
Block: Shield            |    34 |   100 |   285 |   409 |  1019 |   307 ||  2154
       Reflection        |       |       |       |       |       |     3 ||     3
       Rpst.: Long sword |     9 |     5 |    19 |     8 |       |       ||    41
       Falchion          |       |       |     8 |    12 |       |       ||    20
       Scimitar          |       |       |       |    10 |    32 |       ||    42
       Double sword      |       |       |       |       |    41 |    15 ||    56
